 Dungeon Crawl Stone Soup version 0.28-a0-612-gcfc00ec14d (webtiles) character file.

Game seed: 11028046390757114365

119 rezius the Slasher (level 5, -3/39 (41) HPs)
             Began as a Human Fighter on Oct 5, 2021.
             Killed by divine providence
             ... invoked by an orc priest
              (13 damage)
             ... on level 3 of the Dungeon.
             The game lasted 00:05:48 (3203 turns).

rezius the Slasher (Human Fighter)                  Turns: 3203, Time: 00:05:48

HP:   -3/39 (41)    AC:  7    Str: 17    XL:     5   Next: 23%
MP:   14/14         EV:  9    Int:  8    God:
Gold: 101           SH:  5    Dex: 13    Spells: 4/4 levels left

rFire   . . .      SeeInvis .   a - +0 long sword
rCold   . . .      Faith    .   c - +0 buckler
rNeg    . . .      Spirit   .   b - +0 scale mail
rPois   .          Reflect  .   l - +0 helmet
rElec   .          Harm     .   k - scarf {+Inv}
rCorr   .          Rampage  .   (no gloves)
Will    .....                   (no boots)
Stlth   ..........              (no amulet)
HPRegen 0.13/turn               e - ring of magical power
MPRegen 0.14/turn               (no ring)

@: lightly drained
A: no striking features
a: Evoke Invisibility


You were on level 3 of the Dungeon.
You visited 1 branch of the dungeon, and saw 3 of its levels.

You collected 101 gold pieces.

Inventory:

Hand Weapons
 a - a +0 long sword (weapon)
Armour
 b - a +0 scale mail (worn)
 c - a +0 buckler (worn)
 k - a scarf of invisibility (worn)
 l - a +0 helmet (worn)
Jewellery
 e - a ring of magical power (left hand)
 p - an amulet of reflection
Scrolls
 j - a scroll of teleportation {unknown}
 m - 2 scrolls of identify
 o - a scroll of amnesia {unknown}
 q - a scroll of immolation {unknown}
Potions
 d - a potion of might
 f - a potion of attraction
 g - a potion of cancellation {unknown}
 h - 2 potions of haste {unknown}
 i - a potion of degeneration {unknown}
 n - 2 potions of curing {unknown}


   Skills:
 - Level 3.0 Fighting
 + Level 4.2 Long Blades
 - Level 3.0 Armour
 - Level 4.0 Shields


You had 4 spell levels left.
You didn't know any spells.
Your spell library was empty.

Dungeon Overview and Level Annotations

Branches:
Dungeon (3/15)

Altars:

Shops:
D:2 =

Annotations:
D:3 1 transporter


Message History

There is an open door here.
You hit the ball python.
You kill the ball python!
No target in view!
No target in view!
An orc and an orc priest come into view.
The orc is wielding a +2 flail of protection.
The orc shouts!
The orc priest shouts!
There are monsters nearby!
An orc wizard comes into view. It is wielding a +0 dagger of draining.
The orc wizard shouts!
The orc hits you with a +2 flail of protection.
The orc priest mumbles some strange prayers to Beogh against you.
Beogh smites you!
You barely miss the orc priest.
The orc hits you with a +2 flail of protection.
The orc priest misses you.
You closely miss the orc wizard.
The orc wizard hits you but does no damage.
You feel drained. The orc hits you but does no damage.
The orc priest mumbles some strange prayers to Beogh against you.
Beogh smites you!
You are too injured to fight recklessly!
You are too injured to fight recklessly!
You closely miss the orc priest. The orc barely misses you.
The orc wizard hits you with a +0 dagger of draining.
You feel drained. The orc priest barely misses you. The orc barely misses you.
The orc wizard barely misses you.
You barely miss the orc priest.
The orc priest hits you with a +0 hand axe.
* * * LOW HITPOINT WARNING * * *
The orc wizard completely misses you. The orc hits you but does no damage.
The orc wizard points at you and mumbles some strange words.
The puff of flame misses you.
The orc wizard gestures at you while chanting.
The magic dart hits you but does no damage.
There is an open door here.
The orc priest calls down the wrath of Beogh upon you.
Beogh smites you!
You die...

#.######.≈≈≈≈≈≈≈≈≈
.........≈≈≈≈≈≈≈≈
..######.........
##...##### #.....#
##...## ##.## #.#
#@# ##'## ##...##
##..o.^##
##..o.o..## ###
#.........# ...
+.........+ ###
#.........#
##..?....##


You could see an orc priest, an orc wizard and an orc.

Vanquished Creatures
  A centaur zombie (D:3)
  2 adders (D:2)
  A dart slug (D:3)
  An orc (D:3)
  8 ball pythons
  4 bats
  3 endoplasms
  5 giant cockroaches
  5 goblins
  4 hobgoblins
  3 jackals (D:3)
  5 quokkas (D:1)
  A frilled lizard (D:3)
  13 kobolds
  2 rats (D:1)
58 creatures vanquished.

Vanquished Creatures (others)
  2 plants (D:3)
2 creatures vanquished.

Grand Total: 60 creatures vanquished

Notes
Turn   | Place    | Note
-------+----------+-------------------------------------------
     0 | D:1      | rezius the Human Fighter began the quest for the Orb.
     0 | D:1      | Reached XP level 1. HP: 18/18 MP: 1/1
    33 | D:1      | Reached XP level 2. HP: 18/24 MP: 2/2
   532 | D:1      | Reached XP level 3. HP: 26/29 MP: 3/3
  1934 | D:2      | Reached XP level 4. HP: 34/35 MP: 4/4
  1966 | D:2      | Found Noekuagh's Jewellery Boutique.
  2530 | D:3      | Reached XP level 5. HP: 36/41 MP: 5/5
  3043 | D:3      | Found a transporter.
  3045 | D:3      | Identified the +6 spear of Lust {venom, rF+ rN+ Will++
                  | Str-4}
  3203 | D:3      | Killed from afar by an orc priest

Illustrated notes

Levels and vault maps discovered:
D:1:      ncdulo_lavacross, layout_basic, st_stairs_6
D:2:      minmay_kobold_bridge, layout_rooms, serial_shops, shop
D:3:      layout_loops_corners, nicolae_gozag_cash_rules_everything_around_me,
          gammafunk_ghost_gnarly_gnolls, minmay_goblin_kobold_house

Skill      XL: |  1  2  3  4 |
---------------+-------------+-----
Long Blades    | 3 4 |  4.2
Shields        | 4 |  4.0
Fighting       | |  3.0
Armour         | |  3.0

Action                   |  1- 3 |  4- 6 || total
-------------------------+-------+-------++-------
Melee: Long sword        |   110 |   102 ||   212
  Use: Scroll            |     1 |       ||     1
Armor: Scale mail        |    52 |    59 ||   111
Dodge: Dodged            |    59 |    64 ||   123
Block: Buckler           |    24 |    32 ||    56

Table legend: (Time is in decaauts)
 A = Elapsed time spent in this place.
 B = Non-inter-level travel time spent in this place.
 C = Inter-level travel time spent in this place.
 D = Time resting spent in this place.
 E = Time spent auto-exploring this place.
 F = Levels seen in this place.
 G = Mean time per level.
                   A        B        C        D        E       F      G
               +--------+--------+--------+--------+--------+-----+--------+
         Total |   3255 |   3216 |     39 |    496 |   2213 |   3 | 1085.0 |
       Dungeon |   3255 |   3216 |     39 |    496 |   2213 |   3 | 1085.0 |
               +--------+--------+--------+--------+--------+-----+--------+

Top non-repeatable levels by time:
     D:1: 1838 daAuts
     D:3: 907 daAuts
     D:2: 508 daAuts
